 Dungeon Crawl Stone Soup version 0.22.0-49-gab54619 (webtiles) character file.

16135 Lew the Spear-Bearer (level 12, -2/103 HPs)
             Began as a Minotaur Fighter on Sept 6, 2018.
             Was a High Priest of Okawaru.
             Shot with an arrow by a centaur warrior (16 damage)
             ... on level 12 of the Dungeon.
             The game lasted 00:30:36 (11384 turns).

Lew the Spear-Bearer (Minotaur Fighter)            Turns: 11384, Time: 00:30:37

Health: -2/103     AC: 22    Str: 22    XL:     12   Next: 7%
Magic:  14/14      EV: 16    Int: 16    God:    Okawaru [*****.]
Gold:   823        SH: 12    Dex: 12    Spells: 11/11 levels left

rFire    . . .     SeeInvis .   a - +2 trident
rCold    . . .     Gourm    .   c - +1 shield
rNeg     . . .     Faith    .   x - +2 scale mail {rPois}
rPois    +         Spirit   .   (helmet restricted)
rElec    .         Reflect  .   k - +0 cloak
rCorr    .         Harm     .   H - +5 pair of gloves "Demoqad" {rC- Int+9 Dex-2}
MR       .....                  i - +1 pair of boots
Stlth    ..........             (no amulet)
HPRegen  0.00/turn              m - ring of protection from cold
MPRegen  0.14/turn              q - +3 ring of evasion

@: no status effects
A: retaliatory headbutt, horns 2, yellow scales 1, blurry vision 1, clever 1,
inhibited regeneration
a: Heroism, Finesse, Renounce Religion


You were on level 12 of the Dungeon.
You worshipped Okawaru.
Okawaru was extremely pleased with you.
You were not hungry.

You visited 2 branches of the dungeon, and saw 13 of its levels.

You collected 823 gold pieces.

Inventory:

Hand Weapons
 a - a +2 trident (weapon)
Armour
 c - a +1 shield (worn)
 i - a +1 pair of boots (worn)
 k - a +0 cloak (worn)
 l - a +0 large shield
 t - a +2 pair of gloves
 x - a +2 scale mail of poison resistance (worn)
 H - the +5 pair of gloves "Demoqad" (worn) {rC- Int+9 Dex-2}
   (Okawaru gifted it to you on level 12 of the Dungeon)

   It affects your intelligence (+9).
   It affects your dexterity (-2).
   It makes you vulnerable to cold.
Jewellery
 m - a ring of protection from cold (left hand)
 q - a +3 ring of evasion (right hand)
 v - an uncursed ring of stealth
 A - an uncursed ring of protection from magic
Wands
 j - a wand of iceblast (12)
 o - a wand of digging (6)
 p - a wand of polymorph (14)
 r - a wand of flame (36)
 s - a wand of enslavement (26)
 D - a wand of random effects (18)
Scrolls
 b - a scroll of blinking
 d - a scroll of vulnerability
 e - 3 scrolls of noise
 g - 9 scrolls of remove curse
 n - 3 scrolls of teleportation
 w - a scroll of amnesia
 y - a scroll of identify
 B - a scroll of fog
 E - a scroll of torment
 F - 4 scrolls of magic mapping
Potions
 h - 5 potions of curing
 u - 3 potions of haste
 z - 4 potions of lignification
 C - 11 potions of degeneration
 I - a potion of cancellation
 K - a potion of flight {unknown}
Miscellaneous
 G - a lightning rod (4/4)
Comestibles
 f - 20 rations
 J - 9 chunks of flesh


   Skills:
 + Level 8.9 Fighting
 - Level 14.0 Polearms
 + Level 8.8 Armour
 + Level 8.2 Dodging
 + Level 8.8 Shields
 - Level 5.0 Invocations
 - Level 5.0 Evocations


You had 11 spell levels left.
You didn't know any spells.
Your spell library contained the following spells:

 Spells                   Type           Power        Failure   Level  Hunger
 Confusing Touch          Hex            #.....       77%         1    ##.....
 Freeze                   Ice            #...         77%         1    ##.....
 Sandblast                Erth           #.....       77%         1    ##.....
 Shock                    Conj/Air       #...         77%         1    ##.....
 Corpse Rot               Necr           N/A          88%         2    ###....
 Passwall                 Tmut/Erth      #.......     88%         2    ###....
 Sublimation of Blood     Necr           #.........   88%         2    ###....
 Swiftness                Chrm/Air       #.......     88%         2    ###....
 Throw Frost              Conj/Ice       #.....       88%         2    ###....
 Confuse                  Hex            #.......     98%         3    ####...
 Gell's Gravitas          Tloc           #.........   98%         3    ####...
 Ozocubu's Armour         Chrm/Ice       #.......     98%         3    ####...
 Static Discharge         Conj/Air       #.......     98%         3    ####...
 Stone Arrow              Conj/Erth      #.....       98%         3    ####...
 Airstrike                Air            #.........   100%        4    #####..
 Petrify                  Tmut/Erth      #.......     100%        4    #####..
 Summon Ice Beast         Ice/Summ       #.......     100%        4    #####..
 Throw Icicle             Conj/Ice       #.......     100%        4    #####..
 Agony                    Necr           #.......     100%        5    ######.
 Bolt of Draining         Conj/Necr      #.........   100%        5    ######.
 Dispel Undead            Necr           #.......     100%        5    ######.
 Excruciating Wounds      Chrm/Necr      #.........   100%        5    ######.
 Lee's Rapid Deconstruct  Erth           #.........   100%        5    ######.
 Lightning Bolt           Conj/Air       #.........   100%        5    ######.
 Metabolic Englaciation   Hex/Ice        #.........   100%        5    ######.
 Yara's Violent Unravell  Hex/Tmut       #.........   100%        5    ######.


Dungeon Overview and Level Annotations

Branches:
Dungeon (12/15)            Temple (1/1) D:6            Lair (0/6) D:9
    Orc (0/2) D:9

Altars:
Ashenzari
Cheibriados
Dithmenos
Elyvilon
Fedhas
Gozag
Hepliaklqana
Kikubaaqudgha
Makhleb
Nemelex Xobeh
Okawaru
Qazlal
Ru
Sif Muna
Trog
Uskayaw
Vehumet
Wu Jian
Xom
Yredelemnul
Zin
The Shining One
Beogh

Shops:
D:10 (

Annotations:
D:2 Sigmund


Innate Abilities, Weirdness & Mutations

You reflexively headbutt those who attack you in melee.
You have a pair of horns on your head.
You are partially covered in yellow scales. (AC +2)
Scrolls take you a little longer to read.
Your mind is acute. (Int +2)
You do not regenerate when monsters are visible.


Message History

The centaur warrior shoots an arrow.
The arrow hits you!
The centaur shoots an arrow.
The arrow closely misses you.
There is an open door, spattered with blood here.
You see here 2 arrows.
The centaur shoots an arrow.
The arrow misses you.
The centaur warrior shoots an arrow.
The arrow hits you.
You close the door, pushing everything out of the way.
Okay, then.
You begin reading the scroll.
You continue reading the scroll.
The centaur shoots an arrow.
You block the arrow.
As you read the scroll of fog, it crumbles to dust.
The scroll dissolves into smoke.
The centaur warrior shoots an arrow.
The arrow hits you!
* * * LOW HITPOINT WARNING * * *
You see here an arrow.
The centaur warrior shoots an arrow.
The arrow hits you!
* * * LOW HITPOINT WARNING * * *
You see here an arrow.
The centaur warrior shoots an arrow.
The arrow hits you!
You die...

...# #.............#..((.......
##.# ##............#.((..c.....
#.######....).......#((.........
#......((.(....†....'(..........
##.........#####§§§§§#........[..
.'........>#...#§§c§§#...........
##.......###._.#§§§§§############
######### #...#.##### ###'##@#
#....).# #..8...# #......#
###....# ######


You could see a centaur warrior.

Vanquished Creatures
  Harold (D:7)
  3 two-headed ogres
  Pikel (D:4)
  An ugly thing (D:12)
  A cyclops (D:12)
  A kobold demonologist (D:12)
  The ghost of poirepourri the Chopper, an amateur DDFi (D:4)
  3 trolls
  4 hippogriffs
  A shadow (D:11)
  10 yaks (D:11)
  Eustachio (D:5)
  2 vampire mosquitoes (D:12)
  4 hungry ghosts
  Edmund (D:4)
  A water moccasin (D:11)
  2 sky beasts
  Duvessa (D:6)
  A swamp drake (D:9)
  6 orc warriors
  4 slaves (D:4)
  6 ice beasts
  2 phantoms
  An eye of draining (D:11)
  3 ogres
  6 centaurs
  A big kobold (D:11)
  8 bullfrogs
  Dowan (D:6)
  3 scorpions
  A wyvern skeleton (D:4)
  5 wights (D:7)
  29 killer bees
  4 howler monkeys
  An electric eel (D:10)
  5 crimson imps
  A centaur zombie (D:8)
  A bullfrog zombie (D:5)
  3 jellies
  7 hounds
  Crazy Yiuf (D:2)
  4 bullfrog skeletons
  3 iguanas
  12 orc priests
  7 orc wizards
  Jessica (D:2)
  4 centaur skeletons
  Ijyb (D:5)
  Natasha (thrice) (D:2)
  8 worker ants
  A killer bee zombie (D:6)
  A hound zombie (D:4)
  A hound skeleton (D:7)
  3 gnolls (D:5)
  10 adders
  A worm (D:4)
  An adder skeleton (D:4)
  2 dart slugs (D:3)
  3 leopard geckos
  43 orcs
  3 bats
  7 giant cockroaches
  7 goblins
  4 hobgoblins
  4 jackals (D:9)
  9 kobolds
  4 quokkas
  10 frilled lizards
  2 leopard gecko skeletons (D:4)
  A leopard gecko zombie (D:4)
  A quokka skeleton (D:8)
  8 rats
308 creatures vanquished.

Vanquished Creatures (others)
  A hound (D:4)
  2 orcs (D:4)
3 creatures vanquished.

Grand Total: 311 creatures vanquished

Notes
Turn   | Place    | Note
-------+----------+-------------------------------------------
     0 | D:1      | Lew the Minotaur Fighter began the quest for the Orb.
     0 | D:1      | Reached XP level 1. HP: 19/19 MP: 0/0
   173 | D:1      | Reached XP level 2. HP: 26/27 MP: 1/1
   476 | D:1      | Reached skill level 1 in Dodging
   595 | D:2      | Noticed Jessica
   597 | D:2      | Killed Jessica
   597 | D:2      | Reached skill level 3 in Polearms
   597 | D:2      | Reached XP level 3. HP: 33/33 MP: 2/2
   724 | D:2      | Noticed Sigmund
   763 | D:3      | Reached XP level 4. HP: 36/40 MP: 3/3
  1277 | D:3      | Found a deep blue altar of Sif Muna.
  1727 | D:4      | Noticed an ice beast
  1746 | D:4      | Killed an ice beast
  1746 | D:4      | Reached XP level 5. HP: 27/47 MP: 4/4
  1931 | D:5      | Entered Level 5 of the Dungeon
  1952 | D:5      | Noticed Ijyb
  1976 | D:5      | Killed Ijyb
  1985 | D:5      | Noticed Eustachio
  2179 | D:5      | Reached skill level 4 in Polearms
  2179 | D:5      | Reached XP level 6. HP: 46/55 MP: 5/5
  2275 | D:5      | Noticed an ice beast
  2296 | D:5      | Killed Eustachio
  2296 | D:5      | Reached skill level 5 in Fighting
  2296 | D:5      | Reached skill level 5 in Armour
  2296 | D:5      | Reached skill level 5 in Shields
  2354 | D:5      | Reached XP level 7. HP: 40/61 MP: 6/6
  2535 | D:5      | Found a snail-covered altar of Cheibriados.
  2565 | D:5      | Found a stormy altar of Qazlal.
  2584 | D:5      | Reached skill level 5 in Polearms
  2763 | D:5      | Found a glowing silver altar of Zin.
  2798 | D:4      | Found a transporter.
  2798 | D:4      | Noticed poirepourri's ghost (amateur DDFi)
  2891 | D:6      | Reached skill level 6 in Polearms
  2910 | D:6      | Reached skill level 5 in Dodging
  3054 | D:6      | Reached skill level 7 in Polearms
  3061 | D:6      | Reached XP level 8. HP: 57/68 MP: 7/7
  3126 | D:6      | Found a staircase to the Ecumenical Temple.
  3143 | Temple   | Entered the Ecumenical Temple
  3243 | Temple   | Became a worshipper of Warmaster Okawaru
  3281 | D:5      | Reached skill level 8 in Polearms
  3604 | D:4      | Found a transporter.
  3688 | D:4      | Noticed Pikel
  3720 | D:4      | Killed Pikel
  3720 | D:4      | Reached skill level 10 in Polearms
  3852 | D:4      | Reached * piety under Okawaru
  3852 | D:4      | Reached skill level 11 in Polearms
  3875 | D:4      | Noticed Edmund
  3931 | D:4      | Killed Edmund
  3931 | D:4      | Reached XP level 9. HP: 46/74 MP: 8/8
  4547 | D:4      | Killed poirepourri's ghost
  4721 | D:2      | Noticed Natasha
  4728 | D:2      | Killed Natasha
  4728 | D:2      | Reached skill level 12 in Polearms
  4916 | D:2      | Found a runed door.
  5110 | D:2      | Noticed Natasha
  5115 | D:2      | Killed Natasha
  5200 | D:2      | Noticed Crazy Yiuf
  5205 | D:2      | Killed Crazy Yiuf
  5306 | D:2      | Noticed Natasha
  5311 | D:2      | Killed Natasha
  5405 | D:6      | Found an opulent altar of Gozag.
  5405 | D:6      | Found a basalt altar of Yredelemnul.
  5405 | D:6      | Found a shattered altar of Ashenzari.
  5405 | D:6      | Found a sparkling altar of Nemelex Xobeh.
  5415 | D:6      | Found a sacrificial altar of Ru.
  5415 | D:6      | Found a blossoming altar of Fedhas.
  5470 | D:6      | Noticed Dowan
  5471 | D:6      | Noticed Duvessa
  5490 | D:6      | Killed Duvessa
  5499 | D:6      | Killed Dowan
  6028 | D:7      | Reached ** piety under Okawaru
  6028 | D:7      | Reached skill level 13 in Polearms
  6478 | D:7      | Reached skill level 14 in Polearms
  6722 | D:7      | Noticed Harold
  6737 | D:7      | Killed Harold
  6737 | D:7      | Reached *** piety under Okawaru
  6737 | D:7      | Reached skill level 1 in Evocations
  6737 | D:7      | Reached XP level 10. HP: 82/82 MP: 8/10
  7072 | D:7      | Gained mutation: Scrolls take you a little longer to read.
                  | [potion of mutation]
  7072 | D:7      | Gained mutation: You do not regenerate when monsters are
                  | visible. [potion of mutation]
  7072 | D:7      | Gained mutation: You are partially covered in yellow
                  | scales. (AC +2) [potion of mutation]
  7072 | D:7      | Gained mutation: Your mind is acute. (Int +2) [potion of
                  | mutation]
  7662 | D:8      | Received a gift from Okawaru
  8405 | D:9      | Noticed a two-headed ogre
  8420 | D:9      | Killed a two-headed ogre
  8420 | D:9      | Reached **** piety under Okawaru
  8623 | D:9      | Found a staircase to the Lair.
  8795 | D:9      | Found a staircase to the Orcish Mines.
  9089 | D:10     | Entered Level 10 of the Dungeon
  9132 | D:10     | Reached ***** piety under Okawaru
  9226 | D:10     | Reached XP level 11. HP: 88/91 MP: 13/13
  9421 | D:10     | You fall through a shaft!
  9471 | D:11     | Reached skill level 5 in Invocations
  9509 | D:11     | Noticed a two-headed ogre
  9547 | D:11     | Killed a two-headed ogre
  9547 | D:11     | Reached skill level 5 in Evocations
  9835 | D:11     | Received a gift from Okawaru
 10589 | D:10     | Found Jari Rang's Weapon Shop.
 11017 | D:12     | Noticed a red ugly thing
 11033 | D:12     | Killed a red ugly thing
 11033 | D:12     | Received a gift from Okawaru
 11036 | D:12     | Got a pair of distressingly furry gloves {god gift}
 11039 | D:12     | Identified the +5 pair of gloves "Demoqad" {rC- Int+9
                  | Dex-2} (Okawaru gifted it to you on level 12 of the
                  | Dungeon)
 11121 | D:12     | Noticed a two-headed ogre
 11134 | D:12     | Killed a two-headed ogre
 11149 | D:12     | Reached XP level 12. HP: 76/103 MP: 14/14
 11351 | D:12     | Found a roughly hewn altar of Beogh.
 11364 | D:12     | Noticed a centaur warrior
 11384 | D:12     | Shot with an arrow by a centaur warrior

Skill      XL: |  1  2  3  4  5  6  7  8  9 10 11 |
---------------+----------------------------------+-----
Dodging        | 1 2 3 5 6 8 |  8.2
Fighting       | 4 5 6 8 |  8.9
Polearms       | 3 4 7 11 14 | 14.0
Armour         | 4 5 6 8 |  8.8
Shields        | 4 5 6 8 |  8.8
Invocations    | 2 4 5 |  5.0
Evocations     | 1 4 5 |  5.0

Action                   |  1- 3 |  4- 6 |  7- 9 | 10-12 || total
-------------------------+-------+-------+-------+-------++-------
Melee: Trident           |    71 |   126 |   501 |   730 ||  1428
       Headbutt          |    17 |    14 |    84 |   123 ||   238
  Use: Scroll            |     1 |     6 |     8 |    11 ||    26
       Potion            |       |     1 |     9 |     5 ||    15
  Eat: Chunk             |       |     2 |     8 |     9 ||    19
       Ration            |       |     1 |     3 |     4 ||     8
Armor: Scale mail        |    23 |    59 |    92 |   121 ||   295
Dodge: Dodged            |    11 |    36 |   120 |   199 ||   366
Block: Shield            |     7 |    36 |   186 |   306 ||   535
       Large shield      |    18 |    48 |       |       ||    66
